 Dungeon Crawl Stone Soup version 0.31-a0-1616-gbeaec30b81 (webtiles) character file.

Game seed: 7833450969564984392

2033162 bakla the Purveyor of Pain (level 27, 158/158 HPs)
             Began as a Felid Enchanter on Jan 10, 2024.
             Was an Initiate of Kikubaaqudgha.
             Escaped with the Orb
             ... and 3 runes
             ... and 2 gems on Jan 11, 2024!
             The game lasted 03:31:50 (60567 turns).

bakla the Purveyor of Pain (Felid Enchanter)       Turns: 60567, Time: 03:31:50

Health: 158/158    AC: 16    Str: 14    XL:     27
Magic:  39/39      EV: 60    Int: 25    God:    Kikubaaqudgha [......]
Gold:   7070       SH:  0    Dex: 24    Spells: 19/34 levels left
                                        Lives:  2   Deaths: 7

rFire   + +          .
                       - Unarmed
rCold   + . .        (shield unavailable)
rNeg    . . .        (body armour unavailable)
rPois   ∞            (helmet unavailable)
rElec   +            (cloak unavailable)
rCorr   +            (gloves unavailable)
SInv    +            (boots unavailable)
Will    +++++        o - amulet of Robbosib {Will+ Regen+ rCorr Dex+5}
Stlth   +            y - ring "Vuling Vayny" {rF+ rC+ AC+4}
HPRegen 1.26/turn    r - ring of protection from fire
MPRegen 0.26/turn

%: no passive effects
@: storm-form, flying, studying Evocations
A: cleaving, insubstantial, flying, very small, (claws 1), (fangs 3), see
invisible, (shaggy fur 3), (stealthy paws), no weapons or thrown items, no
armour, multi-lived, dopey 1, screaming 1, inability to read after injury 1
0: Orb of Zot
}: 3/15 runes: decaying, serpentine, silver
a: Blinkbolt, Begin Untransformation, Renounce Religion


You escaped.
You worshipped Kikubaaqudgha.
Kikubaaqudgha was noncommittal.
You were a lightning-filled tempest!
You visited 11 branches of the dungeon, and saw 51 of its levels.
You also visited: Gauntlet.

You collected 9968 gold pieces.
You spent 2898 gold pieces at shops.

Inventory:

Jewellery
 n - the amulet of the Four Winds {rN+ Will+++ Clar}
   (You found it on level 3 of the Elven Halls)

   [amulet of nothing]

   rN+:       It protects you from negative energy.
   Will+++:   It greatly increases your willpower.
   Clar:      It protects you from confusion, rage, mesmerisation and fear.
 o - the amulet of Robbosib (around neck) {Will+ Regen+ rCorr Dex+5}
   (You bought it in a shop on level 2 of the Orcish Mines)

   [amulet of regeneration]

   Dex+5:     It affects your dexterity (+5).
   Will+:     It increases your willpower.
   Regen+:    It increases your rate of health regeneration.
   rCorr:     It protects you from acid and corrosion.
 r - a ring of protection from fire (right paw)
 y - the ring "Vuling Vayny" (left paw) {rF+ rC+ AC+4}
   (You found it on level 3 of the Lair of Beasts)

   [ring of protection]

   AC+4:      It affects your AC (+4).
   rF+:       It protects you from fire.
   rC+:       It protects you from cold.
 z - a ring of ice
 D - the ring "Mic Cueg" {rC- rCorr MP+9 Dex+6}
   (You found it in a Gauntlet)

   [ring of dexterity]

   Dex+6:     It affects your dexterity (+6).
   rC-:       It makes you vulnerable to cold.
   MP+9:      It affects your magic capacity (+9).
   rCorr:     It protects you from acid and corrosion.
 Q - an amulet of guardian spirit
 X - an amulet of faith
 Z - the ring "Wyssea" {Will+ rCorr}
   (You took it off an ironbound convoker on level 5 of the Vaults)

   [ring of resist corrosion]

   Will+:     It increases your willpower.
   rCorr:     It protects you from acid and corrosion.
Talismans
 g - a blade talisman
 h - a beast talisman
 l - a maw talisman
 N - the storm talisman of Complete Protection (active) {Int+6}
   (You found it on level 3 of the Vaults)

   [storm talisman]

   Int+6:     It affects your intelligence (+6).
Wands
 j - a wand of mindburst (11)
 w - a wand of flame (24)
 C - a wand of digging (8)
 M - a wand of polymorph (20)
 P - a wand of paralysis (26)
 R - a wand of roots (39)
 T - a wand of light (6)
Scrolls
 b - 4 scrolls of fog
 e - 9 scrolls of teleportation
 f - 6 scrolls of torment
 k - 9 scrolls of fear
 q - 5 scrolls of immolation
 v - 2 scrolls of silence
 B - 6 scrolls of amnesia
 H - 2 scrolls of butterflies
 I - 5 scrolls of poison
 O - 6 scrolls of vulnerability
 S - 3 scrolls of blinking
Potions
 c - 2 potions of heal wounds
 i - 14 potions of brilliance
 m - 2 potions of haste
 p - 4 potions of cancellation
 t - 8 potions of curing
 u - 5 potions of enlightenment
 A - 4 potions of berserk rage
 E - 4 potions of lignification
 F - a potion of might
 J - 6 potions of resistance
 K - 6 potions of mutation
 L - 3 potions of attraction
 W - 8 potions of magic
 Y - 2 potions of invisibility
Miscellaneous
 d - a phial of floods
 x - a condenser vane
 G - a phantom mirror
 U - a lightning rod (4/4)
 V - a box of beasts


   Skills:
 + Level 20.5 Fighting
 + Level 20.8 Dodging
 - Level 4.0 Stealth
 + Level 20.4 Unarmed Combat
 - Level 4.0 Spellcasting
 - Level 4.4 Hexes
 - Level 4.0 Necromancy
 - Level 4.0 Translocations
 - Level 23.1 Invocations
 - Level 9.9 Evocations
 - Level 23.0 Shapeshifting


You had 19 spell levels left.
You knew the following spells:

 Your Spells              Type           Power      Damage    Failure   Level
a - Ensorcelled Hibernat  Hex/Ice        32%        N/A       5%          2
b - Confusing Touch       Hex            27%        N/A       4%          3
c - Jinxbite              Hex            54%        N/A       2%          2
d - Blink                 Tloc           50%        N/A       2%          2
e - Tukima's Dance        Hex            27%        N/A       4%          3
f - Fugue of the Fallen   Necr           25%        N/A       5%          3

Your spell library contained the following spells:

 Spells                   Type           Power      Damage    Failure   Level
 Apportation              Tloc           50%        N/A       1%          1
 Necrotise                Necr           100%       1d9       1%          1
 Slow                     Hex            100%       N/A       1%          1
 Lesser Beckoning         Tloc           50%        N/A       2%          2
 Kiss of Death            Conj/Necr      60%        2d10      4%          1
 Sigil of Binding         Hex            27%        N/A       4%          3
 Gell's Gravitas          Tloc           25%        N/A       5%          3
 Teleport Other           Tloc           25%        N/A       5%          3
 Vampiric Draining        Necr           25%        2d7       5%          3
 Foxfire                  Conj/Fire      20%        2x1d5     9%          1
 Freeze                   Ice            20%        1d4       9%          1
 Magic Dart               Conj           20%        1d4       9%          1
 Sting                    Conj/Alch      20%        1d4       9%          1
 Summon Small Mammal      Summ           20%        N/A       9%          1
 Cigotuvi's Dreadful Rot  Necr/Alch/Air  22%        N/A       9%          2
 Dazzling Flash           Conj/Hex       32%        N/A       11%         3
 Inner Flame              Hex/Fire       16%        N/A       11%         3
 Volatile Blastmotes      Fire/Tloc      30%        2d12      12%         3
 Call Imp                 Summ           10%        N/A       14%         2
 Mercury Vapours          Alch/Air       10%        N/A       14%         2
 Static Discharge         Conj/Air       10%        3-4/arc   14%         2
 Anguish                  Hex/Necr       13%        N/A       16%         4
 Cause Fear               Hex            13%        N/A       16%         4
 Dispel Undead            Necr           25%        3d12      17%         4
 Manifold Assault         Tloc           25%        N/A       17%         4
 Passage of Golubria      Tloc           25%        N/A       17%         4
 Frozen Ramparts          Ice            10%        1d2       26%         3
 Hailstorm                Conj/Ice       5%         3d5       26%         3
 Mephitic Cloud           Conj/Alch/Air  5%         N/A       26%         3
 Ozocubu's Armour         Ice            5%         N/A       26%         3
 Summon Ice Beast         Ice/Summ       5%         N/A       26%         3
 Swiftness                Air            5%         N/A       26%         3
 Iskenderun's Mystic Bla  Conj/Tloc      15%        2d5       36%         4
 Martyr's Knell           Necr/Summ      15%        N/A       36%         4
 Vhi's Electric Charge    Tloc/Air       30%        N/A       36%         4
 Curse of Agony           Necr           25%        N/A       43%         5
 Airstrike                Air            2%         2d(1-17)  65%         4
 Brom's Barrelling Bould  Conj/Erth      5%         2d3       65%         4
 Flame Wave               Conj/Fire      5%         2d5       65%         4
 Fulminant Prism          Conj/Alch      2%         3d5       65%         4
 Ignite Poison            Fire/Alch      5%         N/A       65%         4
 Leda's Liquefaction      Alch/Erth      2%         N/A       65%         4
 Olgreb's Toxic Radiance  Alch           5%         N/A       65%         4
 Petrify                  Alch/Erth      5%         N/A       65%         4
 Sticky Flame             Fire/Alch      5%         2d4       65%         4
 Summon Lightning Spire   Summ/Air       5%         N/A       65%         4
 Metabolic Englaciation   Hex/Ice        8%         N/A       71%         5
 Yara's Violent Unravell  Hex/Alch       8%         3d5       71%         5
 Summon Forest            Summ/Tloc      7%         N/A       73%         5
 Alistair's Intoxication  Alch           3%         N/A       94%         5
 Arcjolt                  Conj/Air       2%         1d12      94%         5
 Fireball                 Conj/Fire      2%         3d4       94%         5
 Freezing Cloud           Conj/Ice/Air   2%         6-21      94%         5
 Irradiate                Conj/Alch      2%         3d12      94%         5
 Iskenderun's Battlesphe  Conj           5%         2d6       94%         5
 Lee's Rapid Deconstruct  Erth           2%         3d5*      94%         5
 Death Channel            Necr           12%        N/A       95%         6
 Conjure Ball Lightning   Conj/Air       2%         3x3d6     100%        6
 Eringya's Noxious Bog    Alch           2%         4d6       100%        6
 Plasma Beam              Fire/Air       2%         2x1d12    100%        6
 Sculpt Simulacrum        Ice/Alch       2%         N/A       100%        6
 Starburst                Conj/Fire      2%         6d3       100%        6
 Summon Cactus Giant      Summ           2%         N/A       100%        6
 Haunt                    Necr/Summ      7%         N/A       100%        7
 Malign Gateway           Summ/Tloc      7%         N/A       100%        7
 Ozocubu's Refrigeration  Ice            2%         4d8       100%        7
 Summon Hydra             Summ           2%         N/A       100%        7
 Borgnjor's Revivificati  Necr           12%        N/A       100%        8
 Discord                  Hex            13%        N/A       100%        8
 Disjunction              Tloc           12%        N/A       100%        8
 Ignition                 Fire           2%         3d3       100%        8
 Maxwell's Capacitive Co  Air            2%         ∞         100%        8
 Summon Horrible Things   Summ           2%         N/A       100%        8
 Chain Lightning          Conj/Air       2%         3d3       100%        9
 Death's Door             Necr           12%        N/A       100%        9
 Dragon's Call            Summ           2%         N/A       100%        9
 Fire Storm               Conj/Fire      2%         8d1       100%        9
 Polar Vortex             Ice            2%         N/A       100%        9
 Shatter                  Erth           2%         3d6*      100%        9
 Sublimation of Blood     Necr           Unusable   N/A       N/A         2
 Dimensional Bullseye     Hex/Tloc       Unusable   N/A       N/A         4
 Animate Armour           Summ/Erth      Unusable   N/A       N/A         4

Dungeon Overview and Level Annotations

Branches:
Dungeon (15/15)            Temple (1/1) D:4            Lair (5/5) D:9
  Swamp (4/4) Lair:2        Snake (4/4) Lair:3        Slime (0/5) Lair:4
    Orc (2/2) D:12            Elf (3/3) Orc:2        Vaults (5/5) D:14
  Crypt (3/3) Vaults:3       Tomb (0/3) Crypt:3      Depths (4/4) D:15
    Zot (5/5) Depths:4    Gauntlet (visited)

Altars:
Ashenzari
Cheibriados
Dithmenos
Elyvilon
Fedhas
Gozag
Hepliaklqana
Kikubaaqudgha
Makhleb
Nemelex Xobeh
Okawaru
Qazlal
Ru
Sif Muna
Trog
Uskayaw
Vehumet
Wu Jian
Xom
Yredelemnul
Zin
The Shining One
Lugonu

Shops:
D:5 (([*   D:6 [   D:8 (:?*[   D:15 [   Orc:2 ((!=   Elf:3 ?   Snake:3 !
Snake:4 [![   Vaults:3 [

Portals:
Hell: Depths:1 Depths:2 Depths:3 Depths:4
Abyss: Depths:1 Depths:2 Depths:3 Depths:4
Pandemonium: Depths:4
Ziggurat: Depths:4
Trove: D:13 (give 12 potions of heal wounds)

Annotations:
D:3 1 runed translucent door, Crazy Yiuf, Robin, Sigmund
D:6 exclusion: jelly
D:7 exclusion: hornet
D:15 2 transporters, Imulidwi's ghost, journeyman OpFi
Lair:4 3 runed translucent doors, olddryhag's ghost, journeyman TrFi
Orc:2 3 runed translucent doors, bungle's ghost, adept GrBe
Elf:1 3 runed translucent doors, Xavori's ghost, adept DjCK
Elf:2 1 exclusion
Zot:4 2 transporters


Innate Abilities, Weirdness & Mutations

You are a lightning-filled tempest!
Your electrical attacks strike out in all directions at once.
You are incredibly evasive.
Your insubstantial body is immune to petrification, constriction, and being set on fire You are flying.
You are immune to poison.
((You have sharp claws.))
((You have razor-sharp teeth.))
You have supernaturally acute eyesight. (SInv)
((Your thick and shaggy fur keeps you warm. (AC +3, rC+)))
((Your paws help you pounce on unaware monsters.))
You are incapable of wielding weapons or throwing items.
You cannot wear armour.
You gain extra lives every three experience levels.
You are dopey. (Int -2)
You occasionally shout uncontrollably at your foes.
You occasionally lose the ability to read scrolls when taking damage.


Message History

You destroy the +1 heavy broad axe!
That felt strangely unrewarding.
The +4 glaive of flaming hits you from afar!!
The barbed spikes dig painfully into your body as you move.
The +4 glaive of flaming completely misses you.
You buffet the +4 glaive of flaming!
You punch the +4 glaive of flaming!
The +4 glaive of flaming is heavily damaged.
You carefully extract the barbed spikes from your body.
The +4 glaive of flaming completely misses you.
You batter the +4 glaive of flaming!!
You destroy the +4 glaive of flaming!
That felt strangely unrewarding.
What level of the Dungeon? (default 1, ? - help)
There is an open door here.
There is a stone staircase leading up here.
You fly upwards.
There is a stone staircase leading down here.
As you open the door, it creaks loudly!
There is an open door here.
What level of the Dungeon? (default 1, ? - help)
An Orb Guardian comes into view.
You miss the Orb Guardian. The Orb Guardian closely misses you.
You hit the Orb Guardian.
Lightning courses through the Orb Guardian!
The Orb Guardian is lightly wounded.
The Orb Guardian completely misses you.
You blast the Orb Guardian!!!
Lightning courses through the Orb Guardian!
The Orb Guardian is almost dead.
The Orb Guardian completely misses you.
You batter the Orb Guardian!!
You kill the Orb Guardian!
Kikubaaqudgha accepts your kill.
What level of the Dungeon? (default 1, ? - help) HP restored.
You see here 5 stones.
There is a staircase leading out of the dungeon here.
You can't go down here!
Unknown command.
You have escaped!

# #.###....(...##.......####
########...#..#######.........###
...........#.......##....♣....#.#
...####....###....#...........##)
...# #.....# #########.......##..
#### ##...#####...######...######
# ##.####.......## ###.####
#...#.........# ###...###
#.###....v....####.......#
##'###..........##.........
##...###.......##......♣....
##.....####...######......... #
##.......#############.......#
####.........####...#.#####...###
...'.........'............#####..
####.........####...#.##.## #.#..
# ##.......## ##..#.##.# #.##.


There were no monsters in sight!

Vanquished Creatures
  5 dread liches
  3 ancient liches
  3 orbs of fire (Zot:5)
  A juggernaut (Depths:4)
  Sojobo (Crypt:2)
  Saint Roka (Crypt:1)
  2 Killer Klowns (Zot:5)
  the Lernaean hydra (Swamp:4)
  3 curse toes
  11 caustic shrikes (Depths:4)
  9 golden dragons
  A bone dragon (Crypt:3)
  A profane servitor (Depths:2)
  Nikola (Vaults:1)
  3 doom hounds (Crypt:2)
  A Brimstone Fiend (Zot:1)
  A hellephant (Zot:5)
  Jorgrun (D:15)
  3 electric golems
  Rupert (D:15)
  An Ice Fiend (D:15)
  A walking crystal tome (Depths:2)
  Zenata (Elf:1)
  20 tentacled monstrosities
  The ghost of epsilonplus the Warrior, an adept AtBe of Trog (Depths:2)
  4 liches
  26 Orb Guardians
  A deep elf master archer (Elf:3)
  3 deep elf blademasters (Elf:3)
  Grunn (Crypt:2)
  7 titans (Vaults:5)
  7 sphinxes
  6 quicksilver dragons
  17 shadow dragons
  2 thorn hunters (Swamp:4)
  Agnes (Elf:1)
  8 death cobs
  A fenstrider witch (Swamp:3)
  5 nagarajas (Snake:4)
  Donald (Crypt:1)
  12 tengu reavers
  A revenant (Crypt:1)
  11 storm dragons
  6 protean progenitors
  5 draconian knights
  11 frost giants
  An iron dragon (Vaults:5)
  8 fire giants
  7 draconian monks
  4 draconian scorchers
  17 vault wardens
  6 deep elf sorcerers
  9 draconian shifters
  A balrug (Zot:1)
  11 ghouls
  A curse skull (Crypt:1)
  7 ghost moths
  An orc warlord (Vaults:3)
  A juggernaut zombie (Crypt:3)
  3 draconian stormcallers
  12 stone giants
  A cacodemon (Zot:2)
  A reaper (D:4)
  10 very ugly things
  6 ironbound thunderhulks
  9 draconian annihilators
  A demonspawn corrupter (Zot:5)
  A spriggan defender (Depths:2)
  2 demonspawn blood saints (Zot:1)
  10 ironbound preservers
  4 formless jellyfish
  2 broodmothers (Zot:2)
  9 green draconians
  8 vampire knights
  17 black draconians
  5 deep elf demonologists
  5 red draconians
  6 deep elf death magi
  An eleionoma (Swamp:4)
  7 white draconians
  7 bunyips
  10 purple draconians
  5 spark wasps
  Azrael (D:14)
  8 dire elephants
  6 war gargoyles
  8 yellow draconians
  7 deep elf annihilators
  5 ettins
  A green death (Zot:5)
  2 eidola
  14 crystal guardians
  12 jiangshi
  3 entropy weavers
  Josephine (D:15)
  10 fire dragons
  7 deep elf high priests
  12 great orbs of eyes
  12 yaktaur captains
  5 rakshasas
  15 hydras
  4 ice dragons
  4 spriggan air magi
  33 vault guards
  A salamander tyrant (Snake:3)
  11 ironbound frosthearts
  A ghost crab (Swamp:4)
  2 jorogumos (Zot:5)
  An Orb Guardian zombie (Crypt:1)
  An ogre mage (D:15)
  6 alligators
  7 boulder beetles
  A bennu zombie (Crypt:1)
  A catoblepas (Lair:1)
  9 anacondas
  8 two-headed ogres
  A death knight (Crypt:1)
  13 centaur warriors
  A sphinx skeleton (Crypt:1)
  10 naga warriors
  5 deep troll earth magi
  3 death yaks (Lair:5)
  7 vampire magi
  6 deep troll shamans
  21 dancing weapons
  6 spriggan berserkers (Depths:2)
  A demonic crawler (Zot:5)
  5 orc high priests
  6 tengu warriors
  A titan zombie (Crypt:3)
  9 hell knights
  11 shock serpents
  7 naga sharpshooters
  2 shock serpents (shapeshifter) (Vaults:5)
  9 spriggans
  2 skysharks (Lair:5)
  2 deep elf knights
  2 sun demons
  4 salamander mystics
  A skyshark (shapeshifter) (Vaults:5)
  A titan skeleton (Crypt:1)
  21 skeletal warriors
  4 goliath frogs
  4 iron trolls
  9 spectral anacondas (Snake:3)
  5 anaconda zombies
  18 mana vipers
  2 sixfirhies
  A shadow demon (Zot:5)
  A bunyip zombie (Crypt:3)
  32 deep trolls
  3 flayed ghosts
  An obsidian statue (Zot:5)
  7 arcanists
  3 spriggan druids
  4 glowing orange brains
  9 swamp dragons
  6 bog bodies
  18 lindwurms
  A tengu zombie (Vaults:1)
  18 naga ritualists
  15 ironbound convokers
  An orange crystal statue (Depths:3)
  6 deep elf archers
  8 phantasmal warriors
  16 deep elf zephyrmancers
  13 necromancers
  4 harpies (Vaults:1)
  An iron dragon zombie (Depths:1)
  15 deep elf pyromancers
  A shadow dragon skeleton (Crypt:3)
  5 anaconda skeletons (Snake:3)
  8 orc sorcerers
  14 orc knights
  27 ugly things
  4 cyclopes
  A cyclops (shapeshifter) (Depths:4)
  A manticore (D:15)
  4 will-o-the-wisps
  21 salamanders
  An iron dragon skeleton (Crypt:3)
  9 elephants
  A rust devil (Zot:5)
  3 kobold blastminers
  A moth of wrath (shapeshifter) (Vaults:5)
  26 moths of wrath
  4 guardian serpents
  9 naga magi
  3 meliai (D:15)
  A black mamba (shapeshifter) (D:13)
  16 vault sentinels
  42 black mambas
  An eye of devastation (shapeshifter) (Depths:3)
  3 eyes of devastation (Zot:1)
  12 cane toads
  2 orange demons (Zot:2)
  3 gargoyles
  An unseen horror (D:12)
  A rime drake (Lair:3)
  Maggie (D:8)
  2 kobold demonologists (D:12)
  A storm dragon simulacrum (Crypt:1)
  A mana viper skeleton (Crypt:2)
  3 freezing wraiths
  A human zombie (Vaults:1)
  An iron troll zombie (Crypt:2)
  13 komodo dragons
  A golden dragon simulacrum (Depths:1)
  A yaktaur (shapeshifter) (Vaults:5)
  4 anaconda simulacra (Snake:3)
  Psyche (D:10)
  A sea snake zombie (Crypt:2)
  21 yaktaurs
  2 tengu conjurers
  4 trolls
  4 polar bears (Lair:5)
  A hydra zombie (Crypt:3)
  5 tyrant leeches
  A shadow dragon simulacrum (Crypt:1)
  9 hornets
  A hellwing (Zot:3)
  17 blink frogs
  2 glass eyes
  3 tarantellas (Zot:1)
  A merfolk (shapeshifter) (Vaults:5)
  2 harpy skeletons (Crypt:3)
  A satyr zombie (Crypt:1)
  A fire dragon zombie (Crypt:3)
  3 shadows
  An iron dragon simulacrum (Depths:1)
  15 slime creatures
  A vampire (D:12)
  6 wraiths
  9 water elementals
  4 air elementals
  A dire elephant simulacrum (Crypt:1)
  A ynoxinul (Zot:5)
  8 humans (D:14)
  6 wyverns
  4 basilisks
  4 fire elementals
  36 yaks
  3 redbacks (Vaults:2)
  A yaktaur simulacrum (Vaults:1)
  A neqoxec (Depths:4)
  2 redbacks (shapeshifter)
  3 wargs (Orc:1)
  A spriggan simulacrum (Depths:1)
  2 demonspawn zombies
  44 nagas
  11 swamp worms
  A harpy simulacrum (Crypt:1)
  3 acid dragons
  15 water moccasins
  3 hell hounds (D:14)
  10 swamp drakes
  30 orc warriors
  2 sky beasts
  43 laughing skulls
  6 ogres
  3 black bears
  A deep troll simulacrum (Vaults:1)
  An ettin simulacrum (Depths:1)
  A lindwurm skeleton (Crypt:1)
  3 boggarts (D:15)
  An elephant skeleton (Lair:5)
  7 centaurs
  A torpor snail zombie (Crypt:2)
  A rime drake skeleton (Crypt:1)
  7 necrophages
  A kobold brigand (D:8)
  An earth elemental (Elf:3)
  3 scorpions
  10 bullfrogs
  8 wights
  A wyvern skeleton (Crypt:2)
  3 killer bees (D:8)
  An oklob sapling (D:4)
  2 electric eels (Lair:4)
  2 bombardier beetles
  2 gnoll boudas
  3 hounds
  2 jellies
  27 orc priests
  A sleepcap (D:7)
  Ijyb (D:5)
  4 iguanas
  34 orc wizards
  A naga skeleton (Crypt:2)
  A howler monkey skeleton (Crypt:2)
  4 adders
  8 gnolls
  2 shadow imps
  2 white imps (D:6)
  2 ufetubi
  An iguana skeleton (Crypt:2)
  A ribbon worm (D:3)
  2 dart slugs (D:1)
  50 orcs
  10 ball pythons
  A bat zombie (Crypt:1)
  5 endoplasms
  6 giant cockroaches
  10 goblins
  15 hobgoblins
  A jackal (D:7)
  16 kobolds
  2 quokkas
  2 bats (D:1)
  2 frilled lizards
  A goblin zombie (Crypt:2)
  2 rats
  An aspiring flesh (Zot:1)
1921 creatures vanquished.

Vanquished Creatures (collateral kills)
  The ghost of PrincessEmiBear the Grappler, a journeyman TrGl of the Shining One (Orc:1)
  A vault guard (Vaults:5)
  An ironbound convoker (Vaults:5)
3 creatures vanquished.

Vanquished Creatures (others)
  A draconian scorcher (Zot:1)
  A very ugly thing (Depths:3)
  A spriggan berserker (Depths:1)
  A hell knight (Crypt:3)
  A deep elf zephyrmancer (Elf:1)
  An ugly thing (Depths:1)
  A human (D:14)
  12 foxfires
19 creatures vanquished.

Grand Total: 1943 creatures vanquished

Notes
Turn   | Place    | Note
-------+----------+-------------------------------------------
     0 | D:1      | bakla the Felid Enchanter began the quest for the Orb.
     0 | D:1      | Reached XP level 1. HP: 9/9 MP: 4/4
   181 | D:1      | Reached XP level 2. HP: 7/14 MP: 6/6
   184 | D:1      | Learned a level 2 spell: Ensorcelled Hibernation
   522 | D:1      | Reached skill level 1 in Fighting
  1036 | D:2      | Succumbed to an adder's poison
  1036 | D:2      | Lost a life (0 lives remaining)
  1062 | D:2      | Reached XP level 3. HP: 16/18 MP: 7/7
  1066 | D:2      | Learned a level 3 spell: Confusing Touch
  1286 | D:2      | Found a bloodstained altar of Trog.
  1365 | D:2      | Reached skill level 1 in Shapeshifting
  1884 | D:3      | Found a runed translucent door.
  1885 | D:3      | Noticed Crazy Yiuf
  2094 | D:3      | Noticed Sigmund
  2164 | D:4      | Reached XP level 4. HP: 7/23 MP: 8/8
  2164 | D:4      | Gained a life (1 life remaining)
  2380 | D:4      | Noticed a scorpion
  2381 | D:4      | Reached XP level 5. HP: 26/26 MP: 6/9
  3033 | D:4      | Found a staircase to the Ecumenical Temple.
  3601 | D:3      | Noticed Robin
  3864 | D:3      | Gained mutation: You are covered in thick fur. (AC +2)
                  | [Felid growth]
  3864 | D:3      | Reached XP level 6. HP: 32/32 MP: 5/10
  4424 | D:5      | Entered Level 5 of the Dungeon
  4436 | D:5      | Found Ilyodon's Weapon Boutique.
  4471 | D:5      | Noticed Ijyb
  4581 | D:5      | Killed Ijyb
  4582 | D:5      | Reached skill level 5 in Dodging
  4778 | D:5      | Found Yvowuas's Weapon Shop.
  4808 | D:5      | Found Sushrisi's General Store.
  4814 | D:5      | Bought a scroll of identify for 26 gold pieces
  4814 | D:5      | Bought a scroll of immolation for 52 gold pieces
  4814 | D:5      | Identified 2 scrolls of acquirement
  4820 | D:5      | Acquired a manual of Evocations
  4837 | D:5      | Found Luas's Antique Armour Boutique.
  4856 | D:4      | Slain by an ufetubus
  4856 | D:4      | Lost a life (0 lives remaining)
  4990 | D:5      | Reached XP level 7. HP: 36/36 MP: 0/11
  4990 | D:5      | Gained a life (1 life remaining)
  5248 | D:5      | Reached skill level 1 in Evocations
  5329 | D:5      | Learned a level 2 spell: Jinxbite
  5635 | D:6      | Found Lyely's Antique Armour Emporium.
  6020 | D:6      | You fall into a shaft and drop 1 floor!
  6280 | D:6      | Noticed a steam dragon
  7278 | D:5      | Reached XP level 8. HP: 30/42 MP: 9/12
  7719 | D:7      | Reached skill level 5 in Unarmed Combat
  7719 | D:7      | Reached skill level 5 in Evocations
  7875 | D:7      | Reached skill level 5 in Fighting
  8252 | D:7      | Found a sacrificial altar of Ru.
  8375 | D:7      | Noticed a hornet
  8409 | D:8      | Found Feeho's Magic Scroll Emporium.
  8414 | D:8      | Bought a scroll of teleportation for 36 gold pieces
  8414 | D:8      | Bought a scroll of identify for 24 gold pieces
  8414 | D:8      | Bought a scroll of identify for 24 gold pieces
  8414 | D:8      | Bought a scroll of immolation for 48 gold pieces
  8414 | D:8      | Bought a scroll of identify for 24 gold pieces
  8420 | D:8      | Noticed Maggie
  8439 | D:8      | Killed Maggie
  8555 | D:8      | Reached XP level 9. HP: 48/48 MP: 13/13
  8586 | D:8      | Found Huuthrib's Assorted Antiques.
  8592 | D:8      | Acquired 414 gold pieces
  8594 | D:8      | Bought a potion of curing for 57 gold pieces
  8594 | D:8      | Bought a scroll of fog for 76 gold pieces
  8604 | D:8      | Noticed a boulder beetle
  8629 | D:8      | Found Gigox's Weapon Boutique.
  8710 | D:8      | Found Ynwe's Book Emporium.
  8732 | D:8      | Noticed a tengu warrior
  8739 | D:8      | Mangled by a tengu warrior
  8739 | D:8      | Lost a life (0 lives remaining)
  8759 | D:8      | Noticed a two-headed ogre
  8777 | D:8      | Killed a two-headed ogre
  8778 | D:8      | Reached skill level 5 in Shapeshifting
  8786 | D:8      | Identified the +5 whip of the Horn {pain, rF- Dex+7}
  8903 | D:8      | Killed a tengu warrior
  9104 | D:8      | Found Ishrutria's Antique Armour Boutique.
  9383 | D:9      | Found a blossoming altar of Fedhas.
  9431 | D:8      | Killed a boulder beetle
  9432 | D:8      | Reached XP level 10. HP: 33/56 MP: 14/14
  9432 | D:8      | Gained a life (1 life remaining)
  9807 | Temple   | Entered the Ecumenical Temple
  9820 | Temple   | Became a worshipper of the Wu Jian Council
  9944 | D:9      | Found an opulent altar of Gozag.
 10380 | D:9      | Noticed an elephant
 10550 | D:9      | Killed an elephant
 10877 | D:9      | Found a staircase to the Lair.
 10940 | D:10     | Entered Level 10 of the Dungeon
 11450 | D:10     | Noticed Psyche
 11455 | D:10     | Killed Psyche
 11667 | D:10     | Noticed a gargoyle
 11702 | D:10     | Paralysed by a hornet for 1 turns
 11908 | D:10     | Found a stormy altar of Qazlal.
 11916 | D:10     | Killed a gargoyle
 11917 | D:10     | Reached XP level 11. HP: 62/62 MP: 15/15
 12095 | D:11     | Noticed a skeletal warrior
 12095 | D:11     | Noticed a skeletal warrior
 12190 | Lair:1   | Entered Level 1 of the Lair of Beasts
 12338 | Lair:1   | HP: 1/62 [elephant (5)]
 13149 | Lair:1   | HP: 2/63 [yak (13)]
 13463 | Lair:1   | Reached * piety under Wu Jian
 13475 | Lair:1   | Reached skill level 10 in Fighting
 13475 | Lair:1   | Reached skill level 10 in Unarmed Combat
 13849 | Lair:1   | Noticed a catoblepas
 13864 | Lair:1   | HP: 2/63 [poisoned by a cane toad]
 13865 | Lair:1   | Succumbed to a cane toad's poison
 13865 | Lair:1   | Lost a life (0 lives remaining)
 14116 | Lair:1   | Killed a catoblepas
 14766 | Lair:2   | Found a staircase to the Swamp.
 14780 | Lair:2   | Noticed a five-headed hydra
 15753 | Lair:3   | Noticed a five-headed hydra
 16188 | Lair:3   | Gained mutation: Your thick and shaggy fur keeps you warm.
                  | (AC +3, rC+) [Felid growth]
 16188 | Lair:3   | Reached XP level 12. HP: 28/69 MP: 3/16
 16397 | Lair:3   | Identified the ring "Vuling Vayny" {rF+ rC+ AC+4}
 16742 | D:8      | Bought a book of Minor Magic for 208 gold pieces
 16745 | D:8      | Learned a level 2 spell: Blink
 17018 | Lair:4   | Found a staircase to the Slime Pits.
 17130 | Lair:4   | Found a runed translucent gate.
 17131 | Lair:4   | Found a runed translucent gate.
 17131 | Lair:4   | Found a runed translucent gate.
 17136 | Lair:4   | Noticed olddryhag's ghost (journeyman TrFi)
 17195 | Lair:4   | Reached skill level 1 in Translocations
 17981 | Lair:5   | Entered Level 5 of the Lair of Beasts
 17997 | Lair:5   | Noticed a death yak
 18004 | Lair:5   | Noticed a death yak
 18005 | Lair:5   | Noticed a death yak
 18121 | Lair:5   | Reached ** piety under Wu Jian
 18140 | Lair:5   | Noticed a seven-headed hydra
 18168 | Lair:5   | Noticed a four-headed hydra
 18172 | Lair:5   | Upgraded the game from 0.31-a0-1612-g4aaf141004 to
                  | 0.31-a0-1616-gbeaec30b81
 18737 | Lair:5   | Noticed a dire elephant
 18737 | Lair:5   | Noticed a dire elephant
 18964 | Lair:5   | Reached skill level 10 in Shapeshifting
 19256 | Lair:5   | Killed a four-headed hydra
 19593 | Lair:3   | Reached XP level 13. HP: 44/76 MP: 13/17
 19593 | Lair:3   | Gained a life (1 life remaining)
 19879 | Lair:3   | Reached *** piety under Wu Jian
 19934 | Lair:3   | Slain by a cane toad
 19934 | Lair:3   | Lost a life (0 lives remaining)
 21706 | D:12     | Found a staircase to the Orcish Mines.
 22267 | D:13     | Found Raexzoun's Antique Weapon Shop.
 22438 | D:13     | Found a portal to a secret trove of treasure.
 22449 | D:13     | Found a gate leading to a gauntlet.
 22460 | Gauntlet | Entered a Gauntlet
 22460 | Gauntlet | Found a transporter.
 22475 | Gauntlet | Found a transporter.
 22491 | Gauntlet | Found a transporter.
 22495 | Gauntlet | Found a transporter.
 22515 | Gauntlet | Found a transporter.
 22527 | Gauntlet | Found a runed translucent door.
 22528 | Gauntlet | Found a transporter.
 22530 | Gauntlet | Noticed a dire elephant
 22541 | Gauntlet | Found a transporter.
 22554 | Gauntlet | Noticed a dire elephant
 22561 | Gauntlet | Found a transporter.
 22565 | Gauntlet | Found a transporter.
 22567 | Gauntlet | Found a runed translucent gate.
 22567 | Gauntlet | Found a runed translucent gate.
 22573 | Gauntlet | Found a transporter.
 22580 | Gauntlet | Found a runed translucent gate.
 22595 | Gauntlet | Found a transporter.
 22599 | Gauntlet | Found a transporter.
 22603 | Gauntlet | Found a runed translucent door.
 22694 | Gauntlet | Identified the ring "Mic Cueg" {rC- rCorr MP+9 Dex+6}
 22750 | Gauntlet | Noticed a minotaur
 22776 | Gauntlet | Identified the +15 gold dragon scales "Gaimesmioz" {rElec
                  | rPois rF+ rC+ Will+}
 23724 | D:14     | Found an ancient bone altar of Kikubaaqudgha.
 24782 | Lair:3   | Found a staircase to the Snake Pit.
 25226 | Lair:5   | Reached XP level 14. HP: 83/83 MP: 18/18
 26056 | D:14     | Noticed Azrael
 26091 | D:14     | Killed Azrael
 26304 | D:14     | Noticed Nessos
 26661 | D:14     | Identified the +2 pair of boots of Zatwu {Regen+ MP-9 Int-3
                  | Dex+9}
 26863 | D:14     | Reached **** piety under Wu Jian
 26887 | D:14     | Found a gate to the Vaults.
 27065 | D:15     | Entered Level 15 of the Dungeon
 27065 | D:15     | Noticed Jorgrun
 27066 | D:15     | Killed Jorgrun
 27066 | D:15     | Reached skill level 10 in Dodging
 27101 | D:15     | Noticed Josephine
 27102 | D:15     | Killed Josephine
 27639 | D:15     | Reached skill level 15 in Fighting
 27862 | D:15     | Noticed Rupert
 27871 | D:15     | Killed Rupert
 27872 | D:15     | Reached skill level 15 in Unarmed Combat
 28042 | D:15     | Found Ziqaw's Antique Armour Boutique.
 28046 | D:15     | Found a transporter.
 28048 | D:15     | Found a transporter.
 28048 | D:15     | Noticed Imulidwi's ghost (journeyman OpFi)
 28203 | D:15     | Reached XP level 15. HP: 46/90 MP: 19/19
 28365 | D:15     | Found a staircase to the Depths.
 28679 | Orc:1    | Entered Level 1 of the Orcish Mines
 28803 | Orc:1    | Found a runed translucent door.
 28811 | Orc:1    | Noticed PrincessEmiBear's ghost (journeyman TrGl)
 29051 | Orc:1    | Killed PrincessEmiBear's ghost
 29112 | Orc:2    | Entered Level 2 of the Orcish Mines
 29124 | Orc:2    | Found a runed translucent gate.
 29124 | Orc:2    | Found a runed translucent gate.
 29124 | Orc:2    | Found a runed translucent gate.
 29125 | Orc:2    | Noticed bungle's ghost (adept GrBe)
 29586 | Orc:2    | Learned a level 3 spell: Tukima's Dance
 29625 | Orc:2    | Found Jadakheyfe's Jewellery Emporium.
 29625 | Orc:2    | Found Robikeo's Distillery.
 29639 | Orc:2    | Found Iduodaixt's Weapon Shoppe.
 29647 | Orc:2    | Found Xaitzum's Antique Weapon Shoppe.
 29649 | Orc:2    | Reached ***** piety under Wu Jian
 29795 | Orc:2    | Found a staircase to the Elven Halls.
 29860 | Orc:2    | Bought the amulet of Robbosib {Will+ Regen+ rCorr Dex+5}
                  | for 763 gold pieces
 29868 | Orc:2    | Bought 2 potions of curing for 90 gold pieces
 29868 | Orc:2    | Bought a potion of curing for 45 gold pieces
 29868 | Orc:2    | Bought a potion of attraction for 45 gold pieces
 30207 | Orc:2    | Bought a ring of poison resistance for 260 gold pieces
 30405 | Snake:1  | Entered Level 1 of the Snake Pit
 31535 | Snake:2  | Learned a level 3 spell: Fugue of the Fallen
 31856 | Snake:2  | Reached skill level 1 in Necromancy
 33206 | Snake:3  | Reached XP level 16. HP: 96/96 MP: 21/21
 33206 | Snake:3  | Gained a life (1 life remaining)
 33833 | Snake:3  | Identified the +2 scale mail of the Dowdy God {Str+2}
 33935 | Snake:3  | Found Eheaniur's Distillery.
 34072 | Snake:3  | Bought a potion of berserk rage for 80 gold pieces
 34072 | Snake:3  | Bought 2 potions of mutation for 256 gold pieces
 34072 | Snake:3  | Bought a potion of mutation for 128 gold pieces
 34072 | Snake:3  | Bought a potion of curing for 48 gold pieces
 34072 | Snake:3  | Bought a potion of enlightenment for 80 gold pieces
 34211 | Snake:4  | Entered Level 4 of the Snake Pit
 34234 | Snake:4  | Found Saekhlori's Armour Shoppe.
 34262 | Snake:4  | Found Forphyori's Armour Boutique.
 34440 | Snake:4  | Got a serpentine rune of Zot
 34652 | Snake:4  | Found Woocs's Distillery.
 34657 | Snake:4  | Bought a potion of curing for 45 gold pieces
 34657 | Snake:4  | Bought a potion of cancellation for 120 gold pieces
 34657 | Snake:4  | Bought a potion of curing for 45 gold pieces
 34657 | Snake:4  | Bought a potion of heal wounds for 75 gold pieces
 34657 | Snake:4  | Bought a potion of curing for 45 gold pieces
 34914 | Snake:4  | Reached skill level 15 in Dodging
 34956 | Snake:4  | Reached XP level 17. HP: 35/102 MP: 24/24
 35652 | Snake:4  | Identified the +8 short sword of Otumev {holy, rPois rN+
                  | Int+2}
 36169 | Swamp:1  | Entered Level 1 of the Swamp
 36312 | Swamp:4  | Entered Level 4 of the Swamp
 36336 | Swamp:4  | Noticed the 27-headed Lernaean hydra
 36341 | Swamp:4  | Killed the 27-headed Lernaean hydra
 36440 | Swamp:4  | Acquired 1265 gold pieces
 36775 | Swamp:4  | Got a mossy gem with 1150 turns to spare
 36777 | Swamp:4  | Got a decaying rune of Zot
 37151 | Swamp:2  | Killed from afar by a spriggan druid
 37151 | Swamp:2  | Lost a life (0 lives remaining)
 37154 | Swamp:2  | You fall into a shaft and drop 1 floor!
 37405 | Swamp:2  | Found a shimmering altar of Xom.
 37825 | Swamp:3  | Lost the mossy gem through the power of Zot.
 38635 | Elf:1    | Entered Level 1 of the Elven Halls
 38646 | Elf:1    | Reached XP level 18. HP: 101/109 MP: 25/25
 38734 | Elf:1    | Found a runed translucent gate.
 38938 | Elf:1    | Found a runed translucent gate.
 38938 | Elf:1    | Found a runed translucent gate.
 38938 | Elf:1    | Noticed Xavori's ghost (adept DjCK)
 39038 | Elf:1    | Paralysed by an air elemental for 1 turns
 39043 | Elf:1    | Paralysed by an air elemental for 1 turns
 39128 | Elf:1    | Noticed Zenata
 39219 | Elf:1    | Killed Zenata
 39430 | Elf:1    | Got the Papyrus of Congregated Trauma
 39540 | Elf:1    | Noticed Agnes
 39546 | Elf:1    | Killed Agnes
 40662 | Elf:3    | Entered Level 3 of the Elven Halls
 40709 | Elf:3    | Found a shimmering blue altar of Sif Muna.
 41000 | Elf:3    | Paralysed by an air elemental for 1 turns
 41157 | Elf:3    | Found the amulet of the Four Winds {rN+ Will+++ Clar}
 41379 | Elf:3    | Got the Guidebook on Cloudy Conjuration
 41419 | Elf:3    | Found Rajodoh's Magic Scroll Shop.
 41427 | Elf:3    | Bought 2 scrolls of teleportation for 72 gold pieces
 41427 | Elf:3    | Bought a scroll of teleportation for 36 gold pieces
 41427 | Elf:3    | Bought a scroll of revelation for 90 gold pieces
 41796 | Vaults:1 | Entered Level 1 of the Vaults
 42000 | Vaults:1 | Noticed Nikola
 42013 | Vaults:1 | Killed Nikola
 42190 | Vaults:1 | Reached XP level 19. HP: 115/115 MP: 26/26
 42190 | Vaults:1 | Gained a life (1 life remaining)
 42502 | Vaults:1 | Mangled by a vault warden
 42502 | Vaults:1 | Lost a life (0 lives remaining)
 42820 | Vaults:1 | HP: 4/116 [deep elf annihilator/iron shot (37)]
 43901 | Vaults:2 | Reached skill level 15 in Shapeshifting
 44073 | Vaults:2 | Identified the +8 plate armour of the Pits of Slime {rC+}
 44257 | Vaults:3 | Reached ****** piety under Wu Jian
 44402 | Vaults:3 | Found a staircase to the Crypt.
 44486 | Vaults:3 | Found Warhod's Antique Armour Emporium.
 45021 | Vaults:3 | Identified the storm talisman of Complete Protection
                  | {Int+6}
 45200 | Vaults:3 | Reached XP level 20. HP: 122/122 MP: 27/27
 46274 | Vaults:4 | Identified the +1 robe of Beloved Awe {Harm rF+ SInv}
 46290 | Vaults:5 | Entered Level 5 of the Vaults
 46450 | Vaults:5 | Identified the ring of Byili Eprupa {Wiz Will- Slay+5}
 46757 | Vaults:5 | Got Sif Muna's Codex of the Whammy and Frostbite
 46876 | Vaults:5 | Noticed a dread lich
 46882 | Vaults:5 | Killed a dread lich
 46883 | Vaults:5 | Reached XP level 21. HP: 123/126 MP: 28/28
 47173 | Vaults:5 | Identified the +2 leather armour "Xoaruoff" {rPois Regen+
                  | Stlth+}
 47278 | Vaults:5 | Identified the ring "Wyssea" {Will+ rCorr}
 47400 | Vaults:5 | Identified the +1 ring mail of Hadjma {Will+ Int+2}
 47573 | Vaults:5 | Got Asaidymu's Secrets of Variable Beckoning
 47576 | Vaults:5 | Got a silver rune of Zot
 47824 | Vaults:5 | Identified the +7 dire flail "Killer Bee's Foe" {spect, Fly
                  | rF+}
 47985 | D:14     | Nessos changed into Nessos the entropy weaver
 47985 | D:14     | Noticed Nessos
 47989 | D:14     | Killed Nessos the entropy weaver
 48464 | Depths:1 | Entered Level 1 of the Depths
 48564 | Depths:1 | Found a gateway to Hell.
 48838 | Depths:1 | Found a one-way gate to the infinite horrors of the Abyss.
 48934 | Depths:1 | Found a sparkling altar of Nemelex Xobeh.
 49827 | Depths:2 | Noticed a golden dragon
 49981 | Depths:2 | Noticed epsilonplus's ghost (adept AtBe)
 49982 | Depths:2 | Found a runed translucent gate.
 49983 | Depths:2 | Found a runed translucent gate.
 49983 | Depths:2 | Found a runed translucent gate.
 49983 | Depths:2 | Noticed a golden dragon
 50267 | Depths:2 | Reached XP level 22. HP: 131/131 MP: 29/29
 50267 | Depths:2 | Gained a life (1 life remaining)
 50392 | Depths:2 | Killed a golden dragon
 50526 | Depths:2 | Noticed a juggernaut
 50682 | Depths:2 | Killed a golden dragon
 50702 | Depths:2 | Killed epsilonplus's ghost
 50704 | Depths:2 | Reached XP level 23. HP: 79/136 MP: 11/30
 51165 | Depths:3 | Found a shimmering blue altar of Sif Muna.
 51200 | Depths:3 | Got the Volume of the Tempest and Summoning
 51396 | Depths:3 | Found a corrupted altar of Lugonu.
 51595 | Depths:4 | Entered Level 4 of the Depths
 51664 | Depths:4 | Noticed a caustic shrike
 51665 | Depths:4 | Noticed a caustic shrike
 51678 | Depths:4 | Killed a caustic shrike
 51679 | Depths:4 | Killed a caustic shrike
 51754 | Depths:4 | Noticed a caustic shrike
 51764 | Depths:4 | Noticed a caustic shrike
 51764 | Depths:4 | Noticed a caustic shrike
 51768 | Depths:4 | Killed a caustic shrike
 51772 | Depths:4 | Killed a caustic shrike
 51779 | Depths:4 | Killed a caustic shrike
 51826 | Depths:4 | Noticed a juggernaut
 51835 | Depths:4 | Killed a juggernaut
 51853 | Depths:4 | Found a broken altar of Ashenzari.
 51854 | Depths:4 | Found a broken altar of Ashenzari.
 51856 | Depths:4 | Found a one-way gate leading to the halls of Pandemonium.
 51857 | Depths:4 | Found a one-way gateway to a ziggurat.
 51869 | Depths:4 | Noticed a caustic shrike
 51870 | Depths:4 | Noticed a caustic shrike
 51870 | Depths:4 | Noticed a caustic shrike
 51873 | Depths:4 | Noticed a caustic shrike
 51874 | Depths:4 | Noticed a caustic shrike
 51875 | Depths:4 | Killed a caustic shrike
 51880 | Depths:4 | Killed a caustic shrike
 51883 | Depths:4 | Killed a caustic shrike
 51883 | Depths:4 | Killed a caustic shrike
 51891 | Depths:4 | Killed a caustic shrike
 52028 | Depths:4 | Noticed a caustic shrike
 52034 | Depths:4 | Killed a caustic shrike
 52068 | Depths:4 | Found a gate to the Realm of Zot.
 52168 | Depths:4 | Found an ancient bone altar of Kikubaaqudgha.
 52510 | Crypt:1  | Entered Level 1 of the Crypt
 52510 | Crypt:1  | Noticed Saint Roka
 52513 | Crypt:1  | Reached skill level 1 in Invocations
 52525 | Crypt:1  | Killed Saint Roka
 52676 | Crypt:1  | Reached skill level 5 in Invocations
 52676 | Crypt:1  | Reached XP level 24. HP: 76/136 MP: 30/30
 52846 | Crypt:1  | Noticed Donald
 52851 | Crypt:1  | Killed Donald
 53586 | Crypt:2  | Noticed Grunn
 53603 | Crypt:2  | Killed Grunn
 53690 | Crypt:2  | Noticed Sojobo
 53696 | Crypt:2  | Killed Sojobo
 53833 | Crypt:3  | Entered Level 3 of the Crypt
 53925 | Crypt:3  | Reached skill level 10 in Invocations
 54153 | Crypt:3  | Found a basalt altar of Yredelemnul.
 54154 | Crypt:3  | Noticed an ancient lich
 54165 | Crypt:3  | Killed an ancient lich
 54180 | Crypt:3  | HP: 4/142 [disintegration (103)]
 54314 | Crypt:3  | Identified the flux talisman of the Sun {Str+4 Int-3}
 54367 | Crypt:3  | Got an ivory gem with 52 turns to spare
 54389 | Crypt:3  | Identified the +5 falchion "Exzistruyto" {venom, rF++}
 54418 | Crypt:3  | Lost the ivory gem through the power of Zot.
 54536 | Crypt:3  | Found a staircase to the Tomb.
 55385 | Zot:1    | Entered Level 1 of the Realm of Zot
 55621 | Zot:1    | Reached XP level 25. HP: 147/147 MP: 34/34
 55621 | Zot:1    | Gained a life (2 lives remaining)
 55693 | Zot:1    | Reached skill level 15 in Invocations
 55881 | Zot:1    | Found the +5 moon troll leather armour {Spirit, Regen++
                  | MP+5}
 55899 | Zot:1    | Identified the +0 robe of the Depths {Will+ Int-2 Archmagi}
 56376 | Zot:2    | Reached XP level 26. HP: 132/152 MP: 35/36
 56999 | Zot:2    | Found a burning altar of Makhleb.
 58275 | Zot:4    | Noticed an orb of fire
 58275 | Zot:4    | Found a transporter.
 58835 | Zot:4    | Noticed an ancient lich
 58836 | Zot:4    | Found a shimmering blue altar of Sif Muna.
 58836 | Zot:4    | Identified the +2 cloak of Ujoh {rN+++ Int+4 Dex+3 Slay-3}
 58845 | Zot:4    | Found a transporter.
 58845 | Zot:4    | Noticed a dread lich
 58946 | Zot:5    | Entered Level 5 of the Realm of Zot
 59238 | Zot:5    | Noticed an orb of fire
 59241 | Zot:5    | Gained mutation: You occasionally shout uncontrollably at
                  | your foes. [an orb of fire]
 59242 | Zot:5    | Gained mutation: You occasionally lose the ability to read
                  | scrolls when taking damage. [an orb of fire]
 59252 | Zot:5    | Gained mutation: You are dopey. (Int -2) [an orb of fire]
 59256 | Zot:5    | Killed an orb of fire
 59562 | Zot:5    | Reached XP level 27. HP: 149/156 MP: 37/38
 59628 | Zot:5    | Noticed a dread lich
 59633 | Zot:5    | Killed a dread lich
 59636 | Zot:5    | Noticed a dread lich
 59637 | Zot:5    | Noticed an orb of fire
 59637 | Zot:5    | Noticed a dread lich
 59640 | Zot:5    | Killed an orb of fire
 59644 | Zot:5    | Killed a dread lich
 59645 | Zot:5    | Killed a dread lich
 59692 | Zot:5    | Got the Orb of Zot
 59709 | Zot:5    | Noticed an orb of fire
 59713 | Zot:5    | Killed an orb of fire
 59719 | Zot:5    | Noticed a dread lich
 59721 | Zot:5    | Noticed an ancient lich
 59723 | Zot:5    | Killed a dread lich
 59724 | Zot:5    | Killed an ancient lich
 59758 | Zot:5    | Noticed an ancient lich
 59764 | Zot:5    | Killed an ancient lich
 60418 | Temple   | Fell from the grace of Wu Jian
 60418 | Temple   | Became a worshipper of Kikubaaqudgha
 60567 | D:$      | Escaped with the Orb!

Illustrated notes

Levels and vault maps discovered:
D:1:      dpeg_arrival_three_same_balls, layout_loops_corners, st_stairs_13
D:2:      layout_basic, basic_altar
D:3:      layout_basic, uniq_crazy_yiuf_cottage, uniq_robin, uniq_sigmund
D:4:      layout_layer_cave, minmay_temple_entry_oklob
D:5:      layout_loops_cross, serial_shops, shop_fountains,
          nicolae_shop_tiny_glass, nicolae_shop_bloodbath_and_beyond,
          nicolae_shop_rolling_square, uniq_ijyb
D:6:      layout_gridville, serial_shops, nicolae_shop_window_shopping,
          minmay_misc_feat_doors, grunt_ministairs_14
D:7:      layout_basic, nicolae_ru_great_annihilating_truth
D:8:      layout_loops_ring, serial_shops, nicolae_shop_crystal,
          nicolae_book_shop_shelving, nicolae_shop_real_fake_doors, shop, shop,
          uniq_maggie
D:9:      layout_roguey, grunt_temple_overflow_open, david_lair_generic
D:10:     layout_cave_pools, grunt_qazlal_sundering, uniq_psyche
D:11:     layout_basic
D:12:     layout_basic, david_orc_2, chequers_avenue
D:13:     layout_rooms, gauntlet_entry_generic, serial_shops,
          nicolae_stop_n_shop_1, enter_trove_0
D:14:     layout_roguey, ximxim_vaults_locker_room, nicolae_lava_and_water,
          kiku_gazebo_garden_becter, uniq_nessos, uniq_azrael
D:15:     grunt_enter_depths_hoard, layout_rooms, serial_shops, shop,
          gammafunk_ghost_arena, uniq_rupert, uniq_jorgrun, uniq_josephine
Temple:   mainiacjoe_temple_coin_purse
Lair:1:   layout_cave_pods, grunt_megastairs_1
Lair:2:   layout_cave_pods, swamp_mist
Lair:3:   layout_loops_ring, minmay_snake_entry_six_corridors,
          beast_lair_carwin_1, grunt_megastairs_3
Lair:4:   layout_roguey, slime_entry_1, ebering_ghost_rock_garden,
          serial_bayou_shore_a
Lair:5:   due_jungle_book, layout_regular_city, cheibrodos_lair_lostbears,
          grunt_megastairs_4
Swamp:1:  layout_falls_marsh, hangedman_swamp_diagram, statue_in_the_mist_lemuel
Swamp:2:  layout_falls_marsh, nicolae_swamp_godswood
Swamp:3:  layout_falls_marsh, evilmike_swamp_ruin_rubble_2
Swamp:4:  swamp_alternative, layout_basic_swamp, swamp_pool_5
Snake:1:  nicolae_snake_unarmed_stairs_patrol, layout_rooms, special_room
Snake:2:  layout_onion_interference, nicolae_snake_slithery_corners,
          st_stairs_13, nicolae_integral_box
Snake:3:  layout_rooms, serial_shops, shop, library_closet,
          nicolae_snake_dead_anacondas, serial_bayou_shore_b
Snake:4:  minmay_snake_end_coiled, layout_onion, serial_shops, shop, shop, shop,
          nicolae_snake_naga_rites
Orc:1:    layout_caves, hellmonk_ghost_happy_afterlife
Orc:2:    st_orc_mages, layout_caves, gammafunk_ghost_necromancy, basic_altar
Elf:1:    elf_arrival_001, layout_loops_corners, ebering_ghost_rock_garden,
          minmay_elf_sorcery, uniq_agnes, uniq_zenata
Elf:2:    nicolae_elf_blades_crystal_corner, layout_geoelf_grid
Elf:3:    minmay_elf_hall_not_hex, layout_gridlike, serial_shops, shop,
          minmay_misc_feat_rows, hellmonk_sif_muna_bookshelves
Vaults:1: nicolae_vaults_little_squares_2, nicolae_vaults_more_shelving_1,
          nicolae_vaults_cornered_office, v_rooms_6, nicolae_vaults_six-pack,
          serial_ice_g, nicolae_vaults_closet_pinwheel_4,
          nicolae_vaults_storage_closets_1, serial_library_regret_index_headful,
          vaults_room_pool, layout_vaults_omnicross, uniq_nikola
Vaults:2: hangedman_vaults_nodes, ontoclasm_vaults_idyll,
          nicolae_vaults_octothorpe, nicolae_vaults_security_offices_4,
          nicolae_vaults_shrinking_rooms_1, v_misc_5, v_alt_pattern_4,
          nicolae_vaults_trapezoid_lopsided_3, layout_vaults_omnibox
Vaults:3: minmay_crypt_entry_simple_statues, nicolae_vaults_cornered_office,
          ontoclasm_vaults_pinch, vaults_dpeg_emergency_exit,
          special_room_vaults [special_room_orc],
          nicolae_vaults_surprise_closet, nicolae_vaults_surprise_closet,
          layout_vaults_omnigrid, serial_shops,
          nicolae_shop_pleasant_corner_grove
Vaults:4: hangedman_vaults_slice, vaults_dpeg_spiral,
          nicolae_vaults_storage_closets_3, vaults_room_corners,
          vaults_standard_mumra_lines, v_misc_18, nicolae_vaults_triangles,
          vaults_mumra_chevron, nicolae_vaults_two_Ls, layout_vaults_maze_bifur
Vaults:5
Crypt:1:  layout_gridlike, uniq_saint_roka, uniq_josephina, uniq_donald,
          uniq_margery
Crypt:2:  layout_rooms, roderic_lattice_octagonal_star, uniq_sojobo, uniq_grunn
Crypt:3:  cryptofortress_bobbens
Depths:1: layout_cave_pools, roderic_roman_lattice, hell_entry, abyss_entry,
          nemelex_xobeh_ov_fountains_minmay
Depths:2: hangedman_cross_veins, layout_gridlike, gammafunk_ghost_split,
          hell_entry, grunt_pan_entry_in_and_out, corexii_leaking_fountain,
          abyss_entry
Depths:3: minmay_crystal_thing, layout_cave_pools,
          minmay_misc_feat_secret_circle, abyss_entry_flame_altar, hell_entry,
          kennysheep_big_empty_room, hangedman_abyss_or_decor_lesser_grid,
          infiniplex_staircase_diamond
Depths:4: hangedman_slaughterboxes, pan_entry, abyss_entry, hell_entry
Zot:1:    regret_index_all_hallows'_manor, layout_misc_corridors,
          regret_index_zotdec_twisting_globes
Zot:2:    layout_concentric_octagons, regret_index_zotdec_demonic_mixed
Zot:3:    layout_gridville, regret_index_zotdec_split_disrupt
Zot:4:    gammafunk_sealed_library, layout_basic
Zot:5:    layout_gridlike, kennysheep_underground_church

Skill      XL: |  1  2  3  4  5  6  7  8  9 10 11 12 13 14 15 16 17 18 19 20 21 22 23 24 25 26 27 |
---------------+----------------------------------------------------------------------------------+-----
Dodging        | 3 4 5 7 11 13 15 16 18 19 20 | 20.8
Fighting       | 1 2 3 4 5 7 9 10 12 13 15 16 17 18 19 20 | 20.5
Shapeshifting  | 1 2 3 4 6 7 9 10 11 12 13 14 15 18 21 23 | 23.0
Unarmed Combat | 2 3 4 5 7 9 10 12 13 15 16 17 18 19 20 | 20.4
Evocations     | 4 6 8 9 |  9.9
Translocations | 4 |  4.0
Necromancy     | 2 4 |  4.0
Spellcasting   | 3 4 |  4.0
Invocations    | 5 14 16 21 23 | 23.1
Stealth        | |  4.0
Hexes          | |  4.4

Action                     |  1- 3 |  4- 6 |  7- 9 | 10-12 | 13-15 | 16-18 | 19-21 | 22-24 | 25-27 || total
---------------------------+-------+-------+-------+-------+-------+-------+-------+-------+-------++-------
  Melee: Unarmed           |   121 |   137 |   190 |   492 |  1246 |  1212 |  1622 |   857 |   890 ||  6767
         Bite              |     3 |     7 |    21 |    67 |   217 |   187 |   323 |    27 |       ||   852
         Punch             |     1 |     4 |     7 |    37 |   169 |   190 |   261 |   154 |   171 ||   994
         Maw               |       |       |       |    59 |   506 |   469 |   712 |    68 |       ||  1814
   Cast: Ensorcelled Hiber |    28 |    44 |    33 |    81 |     8 |       |       |       |       ||   194
         Confusing Touch   |       |     1 |     3 |    41 |     5 |       |       |       |       ||    50
         Blink             |       |       |       |     1 |       |       |       |       |       ||     1
         Tukima's Dance    |       |       |       |       |     3 |       |       |       |       ||     3
         Fugue of the Fall |       |       |       |       |       |    11 |    43 |    19 |    15 ||    88
 Invoke: Serpent's Lash    |       |       |       |       |    28 |    15 |    25 |    10 |     9 ||    87
         Heavenly Storm    |       |       |       |       |       |     3 |     1 |     1 |     1 ||     6
Ability: Lunge             |       |       |       |    46 |   147 |   132 |   166 |    81 |    61 ||   633
         Whirlwind         |       |       |       |     6 |   172 |   332 |   507 |   132 |   127 ||  1276
         Wall Jump         |       |       |       |       |       |     2 |     1 |       |       ||     3
         Blinkbolt         |       |       |       |       |       |       |       |     6 |     8 ||    14
  Evoke: Wand              |       |     4 |    19 |    34 |    21 |    20 |    23 |     2 |       ||   123
         Phantom mirror    |       |       |       |       |     1 |     1 |     1 |       |       ||     3
         Condenser vane    |       |       |       |       |       |     2 |     2 |       |       ||     4
         Box of beasts     |       |       |       |       |       |       |     2 |       |       ||     2
    Use: Potion            |     4 |     5 |     2 |    11 |    10 |     5 |     6 |     4 |     7 ||    54
         Scroll            |       |     7 |     8 |    18 |    20 |    10 |     6 |     3 |     4 ||    76
   Stab: Sleeping          |    27 |    23 |    16 |    45 |    27 |    14 |    18 |     9 |     4 ||   183
         Invisible         |     2 |     1 |     7 |    10 |       |     2 |    15 |     1 |       ||    38
         Confused          |       |     1 |     3 |    23 |     2 |       |     2 |       |       ||    31
         Paralysed         |       |       |     4 |     8 |     1 |     1 |       |       |       ||    14
         Distracted        |       |       |       |     2 |     6 |     5 |     1 |     7 |     3 ||    24
         Fleeing           |       |       |       |       |       |     1 |       |       |       ||     1
 Armour: Skin              |    33 |    62 |    54 |   180 |   348 |   270 |   273 |   122 |   165 ||  1507
  Dodge: Dodged            |    98 |   161 |   128 |   344 |   824 |  1018 |  1010 |   833 |   984 ||  5400
   Form: Beast             |       |     1 |       |       |       |       |       |       |       ||     1
         Maw               |       |       |       |     2 |     2 |       |     1 |       |       ||     5
         Blade             |       |       |       |     2 |     1 |       |       |       |       ||     3
         Storm             |       |       |       |       |       |       |     1 |     1 |       ||     2

Table legend: (Time is in decaauts)
 A = Elapsed time spent in this place.
 B = Non-inter-level travel time spent in this place.
 C = Inter-level travel time spent in this place.
 D = Time resting spent in this place.
 E = Time spent auto-exploring this place.
 F = Levels seen in this place.
 G = Mean time per level.
                   A        B        C        D        E       F      G
               +--------+--------+--------+--------+--------+-----+--------+
         Total |  59667 |  53853 |   5814 |   6745 |  31893 |  52 | 1147.4 |
       Dungeon |  20046 |  17559 |   2487 |   2886 |  10802 |  15 | 1336.4 |
        Temple |     55 |     18 |     37 |      0 |      0 |   1 |   55.0 |
          Lair |   9629 |   8582 |   1047 |   2451 |   3683 |   5 | 1925.8 |
         Swamp |   2480 |   2350 |    130 |     13 |   1720 |   4 |  620.0 |
     Snake Pit |   5601 |   5282 |    319 |    551 |   2769 |   4 | 1400.2 |
  Orcish Mines |   1569 |   1379 |    190 |      9 |    769 |   2 |  784.5 |
   Elven Halls |   3008 |   2830 |    178 |    108 |   1946 |   3 | 1002.7 |
        Vaults |   6177 |   5660 |    517 |    368 |   3637 |   5 | 1235.4 |
         Crypt |   2421 |   2299 |    122 |      0 |   1758 |   3 |  807.0 |
        Depths |   4038 |   3548 |    490 |    173 |   1946 |   4 | 1009.5 |
           Zot |   4351 |   4058 |    293 |    186 |   2686 |   5 |  870.2 |
      Gauntlet |    287 |    287 |      0 |      0 |    176 |   1 |  287.0 |
               +--------+--------+--------+--------+--------+-----+--------+

Top non-repeatable levels by time:
  Lair:1: 2857 daAuts
    D:14: 2489 daAuts
  Lair:3: 1931 daAuts
  Lair:2: 1896 daAuts
  Lair:5: 1846 daAuts
 Snake:4: 1727 daAuts
 Snake:2: 1574 daAuts
     D:4: 1560 daAuts
     D:5: 1556 daAuts
Depths:2: 1545 daAuts
   Elf:1: 1526 daAuts
Vaults:5: 1499 daAuts
     D:8: 1494 daAuts
     D:6: 1468 daAuts
Vaults:1: 1415 daAuts
